AoeStats
← 狗药

Black Forest

503401465Analyzed
4v4 RM · 1mo ago on Aug 31, 2026· 52m 23s· 8 players
Game mode
Random Map
Map size
Large (8 player)
Population
200
Speed
Normal
Resources
Standard
Victory
Conquest
Starting age
Dark Age
Ending age
Imperial Age
RankedLock teamsTeams togetherTeam positionsShared explorationLock speedFull tech treeHidden civsTurbo modeCheats
Victory
Defeat
🇺🇸 Mongols · United States
984
+15
🇨🇳 Khmer · China
929
+17
🇮🇩 Khitans · Indonesia
866
+42
🇻🇳 Lithuanians · Vietnam
864
+20
🇩🇪 Bohemians · Germany
967
-19
🇺🇸 Vietnamese · United States
960
-18
🇫🇷 Hindustanis · France
955
-18
🇺🇸 Spanish · United States
941
-17
狗药
1:36 Loom
11:05 Feudal Age
12:21 Double-Bit Axe
12:41 Horse Collar
15:16 Castle Age
17:55 Bow Saw
23:28 Wheelbarrow
24:04 Gold Mining
28:33 Imperial Age
26:02 Fletching
27:01 Gold Shaft Mining
26:39 Bodkin Arrow
28:16 Padded Archer Armor
28:47 Hand Cart
28:18 Town Watch
29:23 Bracer
29:38 Leather Archer Armor
29:46 Husbandry
29:56 Bloodlines
30:28 Ballistics
31:08 Chemistry
30:46 Conscription
31:03 Conscription
31:31 Thumb Ring
31:52 Parthian Tactics
31:32 Stone Mining
33:19 Chemistry
32:06 Elite Mangudai
33:43 Stone Shaft Mining
33:24 Caravan
34:53 Leather Archer Armor
35:55 Drill
36:11 Hoardings
36:47 Nomads
37:00 Siege Engineers
36:20 Capped Ram
36:20 Onager
37:48 Siege Ram
39:03 Siege Onager
Reck1ess
0:52 Loom
12:21 Feudal Age
17:30 Castle Age
17:26 Double-Bit Axe
22:28 Imperial Age
20:10 Horse Collar
28:00 Ballistics
29:54 Caravan
31:18 Heavy Plow
31:41 Bow Saw
33:07 Chemistry
35:07 Crop Rotation
35:18 Wheelbarrow
35:46 Town Watch
36:04 Heavy Scorpion
39:10 Double Crossbow
39:15 Capped Ram
40:28 Light Cavalry
41:09 Husbandry
41:20 Bloodlines
42:00 Forging
41:57 Scale Barding Armor
41:49 Hussar
44:04 Iron Casting
45:50 Blast Furnace
46:36 Chain Barding Armor
47:01 Siege Engineers
47:29 Conscription
48:12 Siege Ram
._.
0:29 Loom
16:37 Feudal Age
23:29 Castle Age
23:46 Gold Mining
23:43 Double-Bit Axe
23:42 Domestication
40:18 Bow Saw
41:31 Forging
41:22 Scale Mail Armor
42:07 Lamellar Armor
43:59 Iron Casting
43:41 Chain Mail Armor
44:02 Iron Casting
43:43 Chain Mail Armor
43:51 Chain Mail Armor
44:45 Wheelbarrow
45:50 Man-at-Arms
46:16 Gambesons
45:51 Pikeman
46:32 Squires
50:32 Imperial Age
51:01 Long Swordsman
51:49 Two-Handed Swordsman
Tomioka Giyuu
12:53 Feudal Age
13:58 Gold Mining
13:59 Stone Mining
13:57 Double-Bit Axe
13:55 Horse Collar
21:11 Castle Age
22:02 Bow Saw
23:35 Stone Shaft Mining
27:56 Imperial Age
25:35 Heavy Plow
25:41 Husbandry
26:05 Bloodlines
28:36 Wheelbarrow
28:55 Elite Leitis
30:15 Scale Barding Armor
30:37 Forging
31:15 Fortified Wall
32:09 Two-Man Saw
31:37 Fortified Wall
32:56 Conscription
33:24 Hand Cart
34:10 Ballistics
35:04 Chemistry
35:44 Iron Casting
37:01 Onager
42:01 Chain Barding Armor
43:39 Plate Barding Armor
RonyPasteliny97
2:10 Loom
15:02 Feudal Age
23:04 Castle Age
21:41 Double-Bit Axe
21:41 Horse Collar
25:00 Fletching
26:59 Padded Archer Armor
27:00 Bodkin Arrow
29:05 Leather Archer Armor
29:09 Heavy Plow
30:49 Stone Mining
31:12 Gold Mining
34:18 Imperial Age
32:21 Fortified Wall
33:44 Wheelbarrow
36:48 Ring Archer Armor
36:18 Bracer
37:27 Bow Saw
37:40 Crossbowman
38:29 Thumb Ring
39:45 Chemistry
38:26 Treadmill Crane
40:11 Ballistics
39:48 Murder Holes
40:01 Siege Engineers
39:23 Arbalester
41:23 Elite Skirmisher
42:10 Town Watch
49:42 Paper Money
50:21 Hand Cart
Maudi
0:31 Loom
14:48 Feudal Age
21:45 Castle Age
20:02 Double-Bit Axe
21:14 Horse Collar
22:41 Wheelbarrow
26:26 Bow Saw
26:26 Heavy Plow
27:11 Fervor
27:15 Treadmill Crane
30:52 Town Watch
35:25 Imperial Age
35:32 Chemistry
34:28 Murder Holes
36:37 Fletching
37:56 Bodkin Arrow
37:28 Pikeman
38:08 Squires
37:54 Arson
41:19 Bracer
41:06 Elite Skirmisher
43:38 Ballistics
43:41 Houfnice
46:48 Masonry
47:43 Scale Mail Armor
47:53 Forging
47:52 Imperial Skirmisher
48:58 Halberdier
50:19 Chain Mail Armor
50:05 Padded Archer Armor
Pépé
1:38 Loom
11:03 Feudal Age
12:47 Wheelbarrow
15:39 Castle Age
13:58 Gold Mining
13:57 Double-Bit Axe
14:38 Horse Collar
14:52 Gold Mining
16:56 Bow Saw
21:58 Fishing Lines
23:43 Hand Cart
24:57 Gillnets
29:31 Imperial Age
27:22 Heavy Plow
28:32 Forging
28:12 Fletching
28:24 Padded Archer Armor
29:18 Gold Shaft Mining
28:36 Stone Mining
29:38 Scale Barding Armor
30:09 Iron Casting
29:45 Bodkin Arrow
31:20 Chemistry
30:44 Ballistics
30:21 Murder Holes
30:33 Scale Mail Armor
31:57 Two-Man Saw
31:24 Conscription
32:28 Stone Shaft Mining
32:06 Thumb Ring
32:38 Chain Barding Armor
33:30 Blast Furnace
33:02 Bracer
34:37 Shatagni
35:18 Bloodlines
35:11 Husbandry
36:53 Masonry
37:02 Leather Archer Armor
37:24 Plate Barding Armor
36:13 Heavy Camel Rider
37:01 Town Watch
38:53 Imperial Camel Rider
41:03 Town Patrol
41:26 Grand Trunk Road
43:34 Elite Ghulam
Dirty F150
0:29 Loom
12:16 Feudal Age
18:47 Castle Age
17:23 Horse Collar
18:37 Padded Archer Armor
18:32 Double-Bit Axe
34:09 Imperial Age
31:26 Town Watch
32:23 Leather Archer Armor
33:25 Fletching
36:33 Chemistry
37:21 Ring Archer Armor
Connection lost

Rejoining the realm…

Still unreachable

The connection could not be restored.

Session expired

The server has moved on; the page needs a fresh start.